Map: Эфемерон РВ

Players

IIIIIIIIIIII - Winner!

  • Race: Protoss Protoss
  • League: Grandmaster
  • Spawn Location: 11:00

Krystianer

  • Race: Protoss Protoss
  • League: Grandmaster
  • Spawn Location: 5:00

VOD

Have the link to the VOD?

Description

Time

  • Played on: Oct. 12, 2019, 2:16 p.m.
  • Length: 5:55
Show
View Real Time Build Order
Export as new Build Order

IIIIIIIIIIII Protoss - Winner!

Build Orders:  

Get SALT Encoding   

  12  0:00  Probe  
  13  0:13  Probe  
  14  0:18  Pylon  
  14  0:25  Probe (Chrono Boost)  
  15  0:37  Probe (Chrono Boost)  
  15  0:39  Gateway  
  16  0:44  Probe (Chrono Boost)  
  16  0:46  Assimilator  
  17  0:51  Probe  
  17  0:54  Assimilator  
  18  1:03  Probe  
  19  1:08  Gateway  
  19  1:15  Probe  
  20  1:26  Cybernetics Core  
  20  1:27  Probe  
  20  1:32  Pylon  
  21  1:39  Probe  
  22  1:51  Probe  
  23  1:59  Warp Gate (Chrono Boost)  
  23  2:01  Stalker x2 (Chrono Boost)  
  27  2:22  Stalker x2  
  27  2:28  Pylon  
  31  2:40  Pylon  
  31  2:55  Pylon  
  31  2:58  Stalker x2  
  35  3:08  Shield Battery  
  35  3:15  Gateway, Robotics Facility  
  35  3:42  Stalker x2  
  35  3:47  Pylon  
  39  4:08  Immortal (Chrono Boost)  
  41  4:18  Stalker  
  41  4:22  Stalker x2  
  43  4:47  Warp Prism  
  43  4:49  Stalker  
  45  4:58  Stalker  
  47  5:23  Observer  
  47  5:26  Stalker x2  
  47  5:27  Stalker  
Show
View Real Time Build Order
Export as new Build Order

Krystianer Protoss 

Build Orders:  

Get SALT Encoding   

  12  0:00  Probe  
  13  0:12  Probe  
  14  0:16  Pylon  
  14  0:24  Probe (Chrono Boost)  
  16  0:36  Probe (Chrono Boost)  
  16  0:38  Gateway  
  16  0:42  Probe (Chrono Boost)  
  16  0:46  Assimilator  
  17  0:52  Probe (Chrono Boost)  
  17  0:54  Assimilator  
  19  1:04  Probe (Chrono Boost)  
  19  1:11  Gateway  
  19  1:13  Probe (Chrono Boost)  
  20  1:18  Probe  
  20  1:24  Cybernetics Core  
  21  1:30  Probe  
  22  1:35  Pylon  
  22  1:42  Probe  
  23  1:54  Probe  
  23  2:01  Stalker, Sentry  
  28  2:05  Warp Gate  
  28  2:06  Probe  
  28  2:08  Pylon  
  29  2:19  Probe  
  30  2:29  Stalker  
  32  2:31  Stalker  
  32  2:33  Probe  
  35  2:58  Nexus  
  34  3:01  Shield Battery  
  34  3:06  Sentry  
  36  3:13  Robotics Facility  
  36  3:19  Sentry  
  38  3:21  Pylon  
  38  3:24  Probe  
  39  3:39  Probe  
  40  3:52  Probe  
  40  3:54  Stalker x2  
  45  4:04  Immortal (Chrono Boost)  
  43  4:20  Stalker x2  
  47  4:26  Shield Battery  
  47  4:35  Immortal (Chrono Boost)  
  41  4:49  Stalker  
  41  4:51  Zealot  
  41  5:01  Immortal (Chrono Boost)  
  45  5:08  Pylon  
  45  5:20  Gateway  
  47  5:38  Pylon  
Tags
 
Add a new tag
Caveats
  • Supply blocks, unpowered buildings, or Contaminate may cause inaccurate times.
  • Supply counts are checked every 10 seconds.